 Dungeon Crawl Stone Soup version 0.31.0-12-g77e489cdc1 (webtiles) character file.

Game seed: 8044967189316911449

280 DJaySky the Trooper (level 6, -4/52 HPs)
             Began as a Ghoul Monk on Mar 1, 2024.
             Was an Initiate of Gozag.
             Slain by a kobold brigand
             ... wielding a +0 short sword
              (6 damage)
             ... on level 4 of the Dungeon.
             The game lasted 00:16:52 (2585 turns).

DJaySky the Trooper (Ghoul Monk)                    Turns: 2585, Time: 00:16:53

Health: -4/52      AC:  5    Str: 15 (17) XL:     6   Next: 27%
Magic:  6/6        EV: 11    Int: 13 (15) God:    Gozag
Gold:   353        SH:  0    Dex:  9 (11) Spells: 5/5 levels left

rFire   . . .        e - +0 hand axe {RUN}
rCold   + . .        c - orb {light}
rNeg    + + +        j - +0 ring mail
rPois   ∞            (no helmet)
rElec   .            (no cloak)
rCorr   .            (no gloves)
SInv    .            (no boots)
Will    .....        (no amulet)
Stlth   +            h - +6 ring of intelligence
HPRegen 0.00/turn    (no ring)
MPRegen 0.10/turn

%: no passive effects
@: inhibited regen, glowing
A: claws 1, cold resistance 1, negative energy resistance 3, inhibited
regeneration, torment resistance 2, devour on kill
a: Renounce Religion, Potion Petition, Call Merchant, Bribe Branch


You were on level 4 of the Dungeon.
You worshipped Gozag.
Gozag was aware of your devotion.
You visited 1 branch of the dungeon, and saw 4 of its levels.

You collected 353 gold pieces.

Inventory:

Hand Weapons
 e - a +0 hand axe (weapon) {RUN}
Armour
 c - an orb of light (worn)
 j - a +0 ring mail (worn)
Jewellery
 h - a +6 ring of intelligence (left claw)
Scrolls
 d - 2 scrolls of identify
 g - a scroll of fear
Potions
 a - a potion of might
 i - 2 potions of curing {unknown}


   Skills:
 - Level 4.0 Fighting
 - Level 0.2 Long Blades
 * Level 3.6 Axes
 + Level 1.3 Armour
 + Level 3.5 Dodging
 * Level 1.9 Stealth
 - Level 3.2 Unarmed Combat


You had 5 spell levels left.
You didn't know any spells.
Your spell library contained the following spells:

 Spells                   Type           Power      Damage    Failure   Level
 Sting                    Conj/Alch      0%         1d3       52%         1
 Mercury Vapours          Alch/Air       0%         N/A       65%         2
 Call Canine Familiar     Summ           0%         N/A       87%         3
 Sigil of Binding         Hex            0%         N/A       87%         3
 Tukima's Dance           Hex            0%         N/A       87%         3
 Dimensional Bullseye     Hex/Tloc       0%         N/A       99%         4
 Iskenderun's Mystic Bla  Conj/Tloc      0%         2d3       99%         4
 Olgreb's Toxic Radiance  Alch           0%         N/A       99%         4


Dungeon Overview and Level Annotations

Branches:
Dungeon (4/15)
 Temple: D:4-7

Altars:
Gozag

Annotations:
D:4 Sigmund


Innate Abilities, Weirdness & Mutations

You are immune to poison.
You have sharp fingernails.
Your flesh is cold resistant. (rC+)
You are immune to negative energy. (rN+++)
You do not regenerate when monsters are visible.
You are immune to unholy pain and torment.
You thrive by killing the living.


Message History

* * * LOW HITPOINT WARNING * * *
There is an open door here.
The kobold brigand attacks as it pursues you!
The kobold brigand hits you but does no damage.
It was a potion of magic.
Magic courses through your body. The kobold brigand closely misses you.
You barely miss the kobold brigand.
The kobold brigand is lightly wounded.
Sigmund closely misses you.
The kobold brigand hits you with a +0 short sword.
* * * LOW HITPOINT WARNING * * *
It was a potion of degeneration.
There was something very wrong with that liquid.
You feel weakened.
You feel dopey.
You feel clumsy.
The kobold brigand hits you with a +0 short sword.
* * * LOW HITPOINT WARNING * * *
Sigmund laughs darkly.
Sigmund hits you but does no damage.
You hit the kobold brigand.
The kobold brigand is moderately wounded.
The kobold brigand hits you with a +0 short sword.
* * * LOW HITPOINT WARNING * * *
Sigmund closely misses you.
You hit the kobold brigand.
The kobold brigand is heavily wounded.
The kobold brigand barely misses you. Sigmund attacks as he pursues you!
Sigmund hits you but does no damage.
The kobold brigand hits you with a +0 short sword.
* * * LOW HITPOINT WARNING * * *
There is an open door here.
You see here 9 gold pieces.
The kobold brigand throws a poisoned dart.
The poisoned dart hits you! Sigmund misses you.
The kobold brigand throws a poisoned dart.
The poisoned dart hits you!
You open the door.
The kobold brigand hits you with a +0 short sword.
You die...
Your body crumbles into a pile of gold.

#.........# #..........#
#.........######..........#######
#.........##....>................
#.............#......############
##.........##.#.########
#.........##.#.#......#
######....##.#.#......####
#####...#####.#.#.........#
..>....## #.#.@....≈≈≈..#
##...#.######.###K@.≈≈≈≈≈.##
##..#........# ##$.≈≈_≈≈...#
##....####### #..≈≈.≈≈.#.#
#.##.## #..≈≈.≈≈.... #.##..#
#..≈≈.≈≈....
#.###.#########'.≈...≈....
#......).....$.$.≈.8.≈..#
#######).#####..........#


You could see a kobold brigand and Sigmund (invisible).

Vanquished Creatures
  A phantom (D:4)
  3 orc priests (D:4)
  5 adders
  A dart slug (D:2)
  9 orcs
  3 ball pythons
  5 endoplasms
  3 giant cockroaches
  3 goblins
  5 hobgoblins
  2 jackals (D:2)
  4 quokkas
  11 bats
  A frilled lizard (D:2)
  3 kobolds
  3 rats
62 creatures vanquished.

Notes
Turn   | Place    | Note
-------+----------+-------------------------------------------
     0 | D:1      | DJaySky the Ghoul Monk began the quest for the Orb.
     0 | D:1      | Reached XP level 1. HP: 19/19 MP: 1/1
   138 | D:1      | Reached XP level 2. HP: 24/26 MP: 2/2
   468 | D:1      | Reached skill level 1 in Axes
   741 | D:2      | Noticed Sigmund
   861 | D:2      | Found an opulent altar of Gozag.
   881 | D:2      | Reached XP level 3. HP: 33/33 MP: 3/3
   886 | D:2      | Became a worshipper of Gozag Ym Sagoz the Greedy
  1456 | D:3      | Reached XP level 4. HP: 40/40 MP: 4/4
  1752 | D:4      | Noticed a phantom
  1797 | D:4      | Killed a phantom
  1798 | D:4      | Reached skill level 4 in Fighting
  1798 | D:4      | Reached skill level 1 in Stealth
  1798 | D:4      | Reached XP level 5. HP: 39/46 MP: 5/5
  2200 | D:4      | Reached skill level 1 in Armour
  2308 | D:4      | Reached XP level 6. HP: 24/52 MP: 6/6
  2580 | D:4      | HP: 2/52 [kobold brigand/+0 short sword (1)]
  2585 | D:4      | Slain by a kobold brigand

Illustrated notes

Levels and vault maps discovered:
D:1:      psy_arrival_heroes, layout_loops_ring, minmay_misc_feat_plants,
          chequers_mini_garden, minivault_27, minivault_27, glass_columns_a
D:2:      wander_river, layout_basic, basic_altar, minmay_stone_trees_small,
          kennysheep_big_empty_room, uniq_crazy_yiuf_cottage, uniq_sigmund
D:3:      layout_basic, uniq_terence
D:4:      minmay_chambers_of_fours, layout_basic, mainiacjoe_overflow_catwalk,
          tso_altar

Skill      XL: |  1  2  3  4  5 |
---------------+----------------+-----
Axes           | 1 3 |  3.6
Dodging        | 3 |  3.5
Fighting       | 4 |  4.0
Stealth        | 1 |  1.9
Armour         | 1 |  1.3
Long Blades    | |  0.2
Unarmed Combat | |  3.2

Action                     |  1- 3 |  4- 6 || total
---------------------------+-------+-------++-------
  Melee: Hand axe          |    82 |   114 ||   196
         Long sword        |     7 |       ||     7
    Use: Potion            |       |     4 ||     4
         Scroll            |       |     2 ||     2
   Stab: Fleeing           |       |     1 ||     1
 Armour: Robe              |    87 |       ||    87
         Ring mail         |     1 |   106 ||   107
  Dodge: Dodged            |   114 |    90 ||   204
